 Dungeon Crawl Stone Soup version 0.17-a0-2101-g0c122e7 (webtiles) character file.

443 septik the Magician (level 6, 0/67 HPs)
             Began as a Draconian Wizard on Oct 18, 2015.
             Slain by a water moccasin (4 damage)
             ... on level 5 of the Dungeon.
             The game lasted 00:24:42 (5504 turns).

septik the Magician (Draconian Wizard)              Turns: 5504, Time: 00:24:42

Health: 0/67       AC: 23    Str:  9    XL:     6   Next: 71%
Magic:  3/11       EV:  2    Int: 20    God:
Gold:   187        SH:  0    Dex: 15    Spells: 2 memorised, 8 levels left

rFire  . . .     SeeInvis .     l - +1 dagger (venom)
rCold  . . .     Clarity  .     (armour unavailable)
rNeg   + + +     SustAt   .     (no shield)
rPois  +         Gourm    .     (helmet currently unavailable)
rElec  .         Spirit   .     (cloak currently unavailable)
rCorr  .         Warding  .     (gloves currently unavailable)
rMut   .         NoTele   +     (boots currently unavailable)
MR     .....                    (no amulet)
Stlth  +++.......               (no ring)
                                (no ring)

@: agile, lethally poisoned (0 -> -4), tree-form, not resistant to hostile
enchantments, fairly stealthy
A: unfitting armour, (cold-blooded), AC +6
a: no special abilities


You were on level 5 of the Dungeon.
You were hungry.
You were a tree.
You visited 1 branch of the dungeon, and saw 5 of its levels.

You collected 187 gold pieces.

Inventory:

Hand Weapons
 e - a +0 club
 l - a +1 dagger of venom (weapon)
Missiles
 d - 109 stones (quivered)
Armour
 a - a +0 hat (melded)
Scrolls
 f - 2 scrolls of fear {unknown}
 g - a scroll of enchant weapon {unknown}
 h - 2 scrolls of recharging {unknown}
 i - 4 scrolls of identify {unknown}
 k - a scroll of teleportation {unknown}
 o - 3 scrolls of remove curse {unknown}
 p - 2 scrolls of immolation {unknown}
Potions
 j - a potion of lignification
 n - 2 potions of cure mutation {unknown}
 r - a potion of agility
 s - a potion of magic {unknown}
 t - a potion of resistance {unknown}
 v - a potion of degeneration {unknown}
Books
 b - a book of Minor Magic

   Spells                             Type                      Level
   a - Magic Dart                     Conjuration                  1
   b - Blink                          Translocation                2
   c - Call Imp                       Summoning                    2
   d - Repel Missiles                 Charms/Air                   2
   e - Slow                           Hexes                        2
   f - Conjure Flame                  Conjuration/Fire             3
   g - Mephitic Cloud                 Conjuration/Poison/Air       3
 w - a book of Power

   Spells                             Type                      Level
   a - Fulminant Prism                Conjuration/Hexes            4
   b - Iskenderun's Mystic Blast      Conjuration                  4
   c - Venom Bolt                     Conjuration/Poison           5
   d - Bolt of Magma                  Conjuration/Fire/Earth       5
   e - Iron Shot                      Conjuration/Earth            6
   f - Orb of Destruction             Conjuration                  7
   g - Spellforged Servitor           Conjuration/Summoning        7
Miscellaneous
 u - a plain deck of wonders
Comestibles
 c - a bread ration
 m - 2 beef jerkies
 q - a meat ration


   Skills:
 - Level 1.7 Dodging
 - Level 1.7 Stealth
 + Level 3.9 Spellcasting
 + Level 3.1 Conjurations
   Level 1.0 Summonings
   Level 1.0 Translocations
 * Level 3.8 Air Magic
 * Level 3.6 Poison Magic


You had 8 spell levels left.
You knew the following spells:

 Your Spells              Type           Power        Failure   Level  Hunger
a - Magic Dart            Conj           ###.         3%          1    None
b - Mephitic Cloud        Conj/Pois/Air  ###.....     10%         3    ###....


Dungeon Overview and Level Annotations

Branches:
Dungeon (5/15)
 Temple: D:4-7

Altars:
Nemelex Xobeh
Sif Muna
Yredelemnul
Zin

Annotations:
D:4 exclusions: downstairs, ogre, player ghost, upstairs and 5 more exclusions, Duffy's ghost, novice VSGl


Innate Abilities, Weirdness & Mutations

((Your plain brown scales are hard (AC +6).))
Your body does not fit into most forms of armour.
((You are cold-blooded and may be slowed by cold attacks.))


Message History

* * * LOW HITPOINT WARNING * * *
You closely miss the water moccasin.
The water moccasin is almost dead.
* * * LOW HITPOINT WARNING * * *
You feel sick. The water moccasin misses you.
You completely miss the water moccasin.
The water moccasin is almost dead.
* * * LOW HITPOINT WARNING * * *
You feel sick. The water moccasin closely misses you.
The water moccasin closely misses you.
Drink which item? (? for menu, Esc to quit)
It was a potion of lignification.
You turn into a tree.
Your +0 hat melds into your body.
Your roots penetrate the ground.
The water moccasin barely misses you.
Drink which item? (? for menu, Esc to quit)
It was a potion of agility.
You feel agile all of a sudden.
* * * LOW HITPOINT WARNING * * *
You feel sick. The water moccasin bites you.
You die...

.[...# ..##.# #.##.#
##.##.####### #
...........#####.#
#.
#.##.............#
#.#S##.##.#..######.
#^♣................
##....##...#.#####.
##...##....##
#######...##### 8#
#.......#
..8###..###.#
[..##...###.##.
..._#.......... #.#
...####.###.##.


You could see a water moccasin.

Vanquished Creatures
  A giant frog (D:4)
  A scorpion (D:4)
  2 orc wizards
  A hound (D:4)
  A giant frog zombie (D:5)
  A centaur skeleton (D:5)
  2 hound skeletons (D:4)
  6 adders
  3 oozes
  A worm (D:2)
  12 orcs
  7 bats
  9 giant cockroaches
  6 hobgoblins
  4 jackals (D:1)
  5 giant geckos
  6 giant newts
  10 goblins
  7 kobolds
  A quokka (D:3)
  A quokka skeleton (D:4)
  10 rats
97 creatures vanquished.

Notes
Turn   | Place    | Note
--------------------------------------------------------------
     0 | D:1      | septik the Draconian Wizard began the quest for the Orb.
     0 | D:1      | Reached XP level 1. HP: 14/14 MP: 4/4
   401 | D:1      | Reached XP level 2. HP: 20/20 MP: 1/6
  1377 | D:1      | Reached XP level 3. HP: 26/26 MP: 3/7
  1382 | D:1      | Learned a level 3 spell: Mephitic Cloud
  2138 | D:2      | Reached skill level 1 in Air Magic
  2291 | D:2      | Reached skill level 1 in Poison Magic
  2552 | D:3      | Reached XP level 4. HP: 27/33 MP: 1/9
  2653 | D:3      | Found a deep blue altar of Sif Muna.
  3497 | D:4      | Noticed Duffy's ghost (novice VSGl)
  3506 | D:4      | Noticed an ogre
  3527 | D:4      | Reached XP level 5. HP: 32/38 MP: 6/10
  3563 | D:4      | Noticed a giant frog
  3589 | D:4      | Killed a giant frog
  4096 | D:3      | Reached XP level 6. HP: 41/45 MP: 2/11
  5151 | D:5      | Entered Level 5 of the Dungeon
  5163 | D:5      | Found a sparkling altar of Nemelex Xobeh.
  5184 | D:5      | Found a glowing silver altar of Zin.
  5460 | D:5      | Found a basalt altar of Yredelemnul.
  5487 | D:5      | Noticed a water moccasin
  5504 | D:5      | Slain by a water moccasin

Vault maps used:
D:1:      shiori_arrival_maze
D:3:      lemuel_blue_sif_altar
D:4:      first_bread
D:5:      lemuel_doored_altar, zin_treasury, nicolae_overflow_hidden_temple,
          minmay_temple_entry_grid, nemelex_deck

Action                   |  1- 3 |  4- 6 || total
-------------------------+-------+-------++-------
Melee: Unarmed           |     6 |       ||     6
       Club              |    43 |       ||    43
       Dagger            |    10 |    97 ||   107
Throw: Stone             |     6 |       ||     6
 Cast: Magic Dart        |    96 |   131 ||   227
       Mephitic Cloud    |       |    18 ||    18
  Use: Potion            |       |     2 ||     2
 Stab: Sleeping          |       |     1 ||     1
       Confused          |       |     1 ||     1
  Eat: Chunk             |     5 |    10 ||    15
